 Dungeon Crawl Stone Soup version 0.19-a0-529-g411dd88 (webtiles) character file.

14838 TheGoonsmith the Nimble (level 11, -1/64 HPs)
             Began as a Deep Elf Fire Elementalist on June 7, 2016.
             Was a High Priest of Vehumet.
             Killed from afar by a gargoyle (24 damage)
             ... with a stone arrow
             ... on level 11 of the Dungeon.
             The game lasted 00:40:24 (15800 turns).

TheGoonsmith the Nimble (DEFE)                     Turns: 15800, Time: 00:40:24

Health: -1/64      AC: 10    Str:  5    XL:     11   Next: 94%
Magic:  1/22       EV: 23    Int: 22    God:    Vehumet [*****.]
Gold:   817        SH:  6    Dex: 19    Spells: 5 memorised, 5 levels left

rFire  + + .     SeeInvis .     V - +5 flail "Kahed" {crush, Fragile +Inv MR+++}
rCold  . . .     Gourm    .     z - +0 robe {rF+}
rNeg   . . .     Faith    .     N - +0 buckler
rPois  .         Spirit   .     (no helmet)
rElec  .         Dismiss  .     t - +2 cloak
rCorr  +         Reflect  .     H - +2 pair of gloves
SustAt .         Harm     .     M - +1 pair of boots of Divine Compulsion {rF+ Dex+2}
MR     ++++.                    (no amulet)
Stlth  ++........               P - ring of resist corrosion
                                (no ring)

@: incredibly resistant to hostile enchantments, unstealthy
A: no striking features
a: Renounce Religion, Evoke Invisibility


You were on level 11 of the Dungeon.
You worshipped Vehumet.
Vehumet was extremely pleased with you.
You were hungry.

You visited 2 branches of the dungeon, and saw 12 of its levels.
You also visited: Labyrinth.

You collected 817 gold pieces.

Inventory:

Hand Weapons
 v - a +0 blowgun
 V - the +5 flail "Kahed" (weapon) {crush, Fragile +Inv MR+++}
   (You found it on level 10 of the Dungeon)

   It inflicts extra damage upon your enemies.
   It affects your resistance to hostile enchantments.
   It lets you turn invisible.
   It will be destroyed if unequipped.
Missiles
 m - a throwing net (quivered)
 o - 48 poisoned needles
 J - 2 curare-tipped needles
Armour
 t - a +2 cloak (worn)
 z - a +0 robe of fire resistance (worn)
 H - a +2 pair of gloves (worn)
 M - the +1 pair of boots of Divine Compulsion (worn) {rF+ Dex+2}
   (You found it on level 10 of the Dungeon)

   It affects your dexterity (+2).
   It protects you from fire.
 N - a +0 buckler (worn)
Magical Staves
 Y - a cursed staff of poison {unknown}
Rods
 q - a +4 rod of inaccuracy (13/13)
   (You found it in a labyrinth)
 X - a +4 iron rod (11/11)
   (You found it in a labyrinth)
Jewellery
 C - the ring of the Cockroach {rC- MR+ Int+5 Stlth+}
   (You found it in a labyrinth)

   [ring of stealth]

   It affects your intelligence (+5).
   It makes you vulnerable to cold.
   It affects your resistance to hostile enchantments.
   It makes you more stealthy.
 E - a +2 ring of dexterity {unknown}
 O - an uncursed ring of ice
 P - a ring of resist corrosion (right hand)
Wands
 e - a wand of iceblast (5/15)
 F - a wand of confusion (13/48)
 I - a wand of teleportation (7/9)
 L - a wand of lightning (4/15)
 R - a wand of random effects (21/48)
 W - a wand of acid (13/15)
Scrolls
 d - a scroll of enchant armour
 l - 3 scrolls of teleportation
 x - a scroll of recharging
 y - a scroll of magic mapping
 B - 5 scrolls of remove curse
 Z - 2 scrolls of amnesia
Potions
 f - a potion of cure mutation
 g - 2 potions of agility {unknown}
 i - 7 potions of curing
 j - 4 potions of magic
 k - 3 potions of might {unknown}
 u - a potion of heal wounds
 w - 3 potions of haste
 G - a potion of degeneration {unknown}
 K - a potion of mutation {unknown}
 S - 2 potions of cancellation
Books
 a - a Fen Folio

   Spells                             Type                      Level
   a - Corpse Rot                     Necromancy                   2
   b - Stone Arrow                    Conjuration/Earth            3
   c - Leda's Liquefaction            Hexes/Earth                  4
   d - Summon Forest                  Summoning/Translocation      5
   e - Hydra Form                     Transmutation                6
   f - Summon Hydra                   Summoning                    7
 b - a book of Flames

   Spells                             Type                      Level
   a - Flame Tongue                   Conjuration/Fire             1
   b - Throw Flame                    Conjuration/Fire             2
   c - Conjure Flame                  Conjuration/Fire             3
   d - Inner Flame                    Hexes/Fire                   3
   e - Sticky Flame                   Conjuration/Fire             4
   f - Fireball                       Conjuration/Fire             5
 D - a book of Necromancy

   Spells                             Type                      Level
   a - Pain                           Necromancy                   1
   b - Animate Skeleton               Necromancy                   1
   c - Vampiric Draining              Necromancy                   3
   d - Regeneration                   Charms/Necromancy            3
   e - Animate Dead                   Necromancy                   4
   f - Control Undead                 Necromancy                   4
 Q - a book of Geomancy

   Spells                             Type                      Level
   a - Sandblast                      Earth                        1
   b - Passwall                       Transmutation/Earth          2
   c - Stone Arrow                    Conjuration/Earth            3
   d - Petrify                        Transmutation/Earth          4
   e - Lee's Rapid Deconstruction     Earth                        5
 T - a book of Alchemy

   Spells                             Type                      Level
   a - Sublimation of Blood           Necromancy                   2
   b - Ignite Poison                  Fire/Transmutation/Poison    3
   c - Petrify                        Transmutation/Earth          4
   d - Alistair's Intoxication        Transmutation/Poison         5
   e - Irradiate                      Conjuration/Transmutation    5
 U - a book of Unlife

   Spells                             Type                      Level
   a - Recall                         Summoning/Translocation      3
   b - Animate Dead                   Necromancy                   4
   c - Control Undead                 Necromancy                   4
   d - Cigotuvi's Embrace             Necromancy                   5
   e - Death Channel                  Necromancy                   6
   f - Simulacrum                     Ice/Necromancy               6
Miscellaneous
 A - a sack of spiders
Comestibles
 c - 3 bread rations
 h - 7 meat rations
 n - a slice of pizza
 p - 2 beef jerkies
 r - 8 chunks of flesh
 s - 22 fruits


   Skills:
 + Level 5.3 Fighting
 - Level 12.8 Dodging
 - Level 2.4 Stealth
 - Level 4.0 Shields
 - Level 6.0 Spellcasting
 - Level 9.0 Conjurations
 - Level 12.0 Fire Magic


You had 5 spell levels left.
You knew the following spells:

 Your Spells              Type           Power        Failure   Level  Hunger
a - Flame Tongue          Conj/Fire      #####        1%          1    None
c - Conjure Flame         Conj/Fire      ######..     1%          3    #......
f - Fireball              Conj/Fire      ######....   1%          5    #####..
s - Sticky Flame          Conj/Fire      ######..     1%          4    ###....
x - Iskenderun's Mystic   Conj           #####...     1%          4    ###....


Dungeon Overview and Level Annotations

Branches:
Dungeon (11/15)            Temple (1/1) D:4            Lair (0/8) D:11
    Orc: D:9-12

Altars:
Ashenzari
Cheibriados
Dithmenos
Elyvilon
Fedhas
Gozag
Hepliaklqana
Kikubaaqudgha
Makhleb
Nemelex Xobeh
Okawaru
Pakellas
Qazlal
Ru
Sif Muna
Trog
Uskayaw
Vehumet
Xom
Yredelemnul
Zin
The Shining One

Shops:
D:4 }   D:5 :


Message History

Aim: a gargoyle, wielding a mace (moderately damaged)
The flame tongue hits the gargoyle.
The gargoyle appears unharmed.
The gargoyle is moderately damaged.
Casting: Flame Tongue
Confirm with . or Enter, or press ? or * to list all spells.
Aiming: Flame Tongue
Press: ? - help, Shift-Dir - straight line, f/p - gargoyle
Aim: a gargoyle, wielding a mace (moderately damaged)
The flame tongue hits the gargoyle.
The gargoyle is moderately damaged.
Casting: Flame Tongue
Confirm with . or Enter, or press ? or * to list all spells.
Aiming: Flame Tongue
Press: ? - help, Shift-Dir - straight line, f/p - gargoyle
Aim: a gargoyle, wielding a mace (moderately damaged)
The flame tongue hits the gargoyle.
The gargoyle appears unharmed.
The gargoyle is moderately damaged.
The gargoyle hurls a stone arrow at you.
The stone arrow hits you!
You die...

### ##.##.#.)##.#.#.#.+.#
..# #......<.#...#....#.##
..# #..#####.#....#...#..#
..# #...†....#8..#...8#..#
..# #.######..####'###...#
..# #.....##.............#
#####
#####.#########.###..#
....# ####.#########.....##
###.####....#.9§@.....#####
.#..##....###.#########
+#........#...#
..........#.###
....##.####...#
....###.#*###†#****
###.#,,##*,,,...,,*
#.#*,,*,,,,.9...*
###*,***,,,.....#


You could see a gargoyle.

Vanquished Creatures
  A minotaur (Lab)
  A wizard (D:10)
  2 hill giants
  A manticore (D:11)
  2 cyclopes (D:11)
  Joseph (D:9)
  A troll (D:11)
  A two-headed ogre (D:11)
  Prince Ribbit (D:8)
  2 wyverns
  7 small abominations (D:10)
  Eustachio (D:5)
  12 yaks
  A hungry ghost (D:10)
  Menkaure (D:5)
  2 hippogriffs
  2 wargs (D:11)
  5 large abominations (D:10)
  4 water moccasins
  Duvessa (D:5)
  5 orc warriors
  4 sky beasts
  3 ice beasts
  A necrophage (D:5)
  9 ogres
  A phantom (D:10)
  3 centaurs
  A big kobold (D:8)
  6 giant frogs
  Dowan (D:5)
  A scorpion (D:9)
  A water moccasin skeleton (D:8)
  15 killer bees
  4 howler monkeys
  A giant frog zombie (D:7)
  7 crimson imps
  2 centaur zombies (D:11)
  4 jellies
  11 hounds
  9 orc priests
  9 orc wizards
  4 giant frog skeletons
  4 iguanas
  4 worker ants
  A killer bee zombie (D:5)
  3 hound skeletons
  A worker ant zombie (D:8)
  11 adders
  A shadow imp (D:5)
  3 oozes
  An adder skeleton (D:8)
  An adder zombie (D:9)
  A worm (D:2)
  4 dart slugs
  5 giant geckos
  36 orcs
  A ball python (D:5)
  10 giant cockroaches
  7 goblins
  6 hobgoblins
  12 jackals
  2 quokkas
  10 bats
  3 giant newts
  A jackal zombie (D:6)
  13 kobolds
  A quokka skeleton (D:4)
  6 rats
299 creatures vanquished.

Vanquished Creatures (others)
  3 fungi (D:11)
  4 plants (D:11)
7 creatures vanquished.

Grand Total: 306 creatures vanquished

Notes
Turn   | Place    | Note
--------------------------------------------------------------
     0 | D:1      | TheGoonsmith the Deep Elf Fire Elementalist began the quest for the Orb.
     0 | D:1      | Reached XP level 1. HP: 10/10 MP: 6/6
   241 | D:1      | Reached XP level 2. HP: 15/15 MP: 6/8
   682 | D:1      | Reached XP level 3. HP: 15/19 MP: 0/9
   961 | D:1      | Learned a level 3 spell: Conjure Flame
  1415 | D:2      | Found an opulent altar of Gozag.
  1468 | D:2      | Reached XP level 4. HP: 24/24 MP: 10/12
  1474 | D:2      | Learned a level 4 spell: Sticky Flame
  1646 | D:2      | Reached skill level 5 in Spellcasting
  2372 | D:3      | Found a hazy altar of Hepliaklqana.
  2373 | D:3      | Found a shimmering altar of Xom.
  2373 | D:3      | Noticed an insubstantial wisp
  2374 | D:3      | Noticed a spectral ugly thing
  2374 | D:3      | Noticed an insubstantial wisp
  2635 | D:4      | Reached XP level 5. HP: 28/28 MP: 13/15
  2701 | D:4      | Found Maocw's Gadget Shop.
  2742 | D:4      | Found a staircase to the Ecumenical Temple.
  2746 | Temple   | Entered the Ecumenical Temple
  2791 | Temple   | Became a worshipper of Vehumet
  3055 | D:4      | Found a shadowy altar of Dithmenos.
  3225 | D:4      | Found a stormy altar of Qazlal.
  3226 | D:4      | Noticed a water elemental
  3227 | D:4      | Noticed a fire elemental
  3228 | D:4      | Noticed an air elemental
  3325 | D:4      | Found a hide-covered altar of Uskayaw.
  3339 | D:4      | Reached XP level 6. HP: 28/32 MP: 6/17
  3520 | D:5      | Entered Level 5 of the Dungeon
  3520 | D:5      | Noticed Menkaure
  3523 | D:5      | Killed Menkaure
  3523 | D:5      | Reached skill level 5 in Conjurations
  3534 | D:5      | Reached skill level 5 in Fire Magic
  3737 | D:5      | Found Ginkaf's Book Shoppe.
  3761 | D:5      | Reached XP level 7. HP: 36/36 MP: 12/18
  4066 | D:5      | Noticed Duvessa
  4080 | D:5      | Killed Duvessa
  4081 | D:5      | Noticed Dowan
  4110 | D:5      | Killed Dowan
  4112 | D:5      | Reached * piety under Vehumet
  4112 | D:5      | Offered knowledge of Sandblast by Vehumet.
  4482 | D:5      | Found a bloodstained altar of Trog.
  4518 | D:5      | Got an encrusted mace
  4762 | D:5      | Learned a level 5 spell: Fireball
  4897 | D:5      | Reached XP level 8. HP: 41/41 MP: 15/19
  5261 | D:5      | Noticed Eustachio
  5272 | D:5      | Killed Eustachio
  5339 | D:5      | Found a white marble altar of Elyvilon.
  5926 | D:6      | Found a sparkling altar of Nemelex Xobeh.
  5999 | D:6      | Reached ** piety under Vehumet
  5999 | D:6      | Offered knowledge of Throw Frost by Vehumet.
  6102 | D:6      | Reached XP level 9. HP: 21/45 MP: 10/20
  6483 | D:6      | Found a glowing golden altar of the Shining One.
  7474 | D:7      | Reached skill level 10 in Fire Magic
  7558 | D:8      | Offered knowledge of Dazzling Spray by Vehumet.
  7577 | D:8      | Reached *** piety under Vehumet
  8281 | D:8      | Found an iron altar of Okawaru.
  8281 | D:8      | Noticed Prince Ribbit
  8284 | D:8      | Killed Prince Ribbit
  8301 | D:8      | Offered knowledge of Force Lance by Vehumet.
  8404 | D:8      | Found an oddly glowing altar of Pakellas.
  8404 | D:8      | Found a snail-covered altar of Cheibriados.
  8404 | D:8      | Found a blossoming altar of Fedhas.
  8404 | D:8      | Found a stormy altar of Qazlal.
  8406 | D:8      | Found a sparkling altar of Nemelex Xobeh.
  8654 | D:9      | Identified the cursed +1 mace "Ycrom" {vamp, *Rage rF+ Dex+3} (You found it on level 5 of the Dungeon)
  8832 | D:9      | Found a stormy altar of Qazlal.
  8902 | D:9      | Reached XP level 10. HP: 50/50 MP: 15/21
  8909 | D:9      | Noticed Joseph
  9048 | D:9      | Killed Joseph
  9048 | D:9      | Reached skill level 5 in Dodging
  9052 | D:9      | HP: 2/50 [killer bee (9)]
  9819 | D:9      | Found a blossoming altar of Fedhas.
 10437 | D:10     | Entered Level 10 of the Dungeon
 11083 | D:10     | Noticed a wizard
 11086 | D:10     | Killed a wizard
 11114 | D:10     | Reached **** piety under Vehumet
 11116 | D:10     | Reached skill level 10 in Dodging
 11343 | D:10     | Noticed a large abomination
 11351 | D:10     | Killed a large abomination
 11379 | D:10     | Offered knowledge of Iskenderun's Mystic Blast by Vehumet.
 11543 | D:10     | Reached XP level 11. HP: 45/54 MP: 14/22
 11590 | D:10     | Learned a level 4 spell: Iskenderun's Mystic Blast
 11616 | D:10     | Got a pair of translucent boots
 12059 | D:10     | Noticed a hill giant
 12453 | D:10     | Killed a hill giant
 12750 | D:10     | Got a jewelled flail
 12751 | D:10     | Identified the +1 pair of boots of Divine Compulsion {rF+ Dex+2} (You found it on level 10 of the Dungeon)
 12752 | D:10     | Identified the +5 flail "Kahed" {crush, Fragile +Inv MR+++} (You found it on level 10 of the Dungeon)
 12861 | D:11     | Reached skill level 1 in Shields
 12907 | D:11     | Found a labyrinth entrance.
 12928 | Lab      | Entered a labyrinth
 14494 | Lab      | Noticed a minotaur
 14501 | Lab      | Killed a minotaur
 14548 | Lab      | Got a bound lead ring
 14555 | Lab      | Upgraded the game from 0.19-a0-526-gbe2e51c to 0.19-a0-529-g411dd88
 14821 | D:11     | Identified the ring of the Cockroach {rC- MR+ Int+5 Stlth+} (You found it in a labyrinth)
 14908 | D:11     | Reached skill level 1 in Fighting
 15065 | D:11     | Found a staircase to the Lair.
 15226 | D:11     | Noticed a hill giant
 15246 | D:11     | Killed a hill giant
 15591 | D:11     | Reached ***** piety under Vehumet
 15591 | D:11     | Offered knowledge of Bolt of Magma by Vehumet.
 15717 | D:11     | Reached skill level 5 in Fighting
 15800 | D:11     | Killed from afar by a gargoyle

Vault maps used:
D:1:      lemuel_arrival_rhombus, hex_intersection, supply_closet_lemuel
D:2:      old_standard_altar
D:3:      regret_index_temple_of_mockery, first_bread, serial_bayou_pond_d
D:4:      kennysheep_mini, nicolae_dithmenos_through_a_glass_darkly,
          temple_hall_moat, serial_shops, nicolae_shop_waterfront,
          roderic_batcave, nicolae_qazlal_style_of_elements
D:5:      marbit_many_paths, overflow_temple_1_default, serial_shops, shop,
          uniq_eustachio, uniq_menkaure, uniq_duvessa
D:6:      lemuel_doored_altar, nemelex_lonely_heart_becter
D:8:      minitemple, minmay_gold_behind_fungi, minmay_misc_feat_secret_circle,
          uniq_prince_ribbit1
D:9:      basic_altar, hangedman_tree_tricks, uniq_joseph
D:10:     grunt_ministairs_6, laboratory
D:11:     erik_lair_orcish_takeover, lab_entry_generic, minivault_1,
          nicolae_ru_the_path_less_chosen
Temple:   temple_eino_lava_8

Skill      XL: |  1  2  3  4  5  6  7  8  9 10 11 |
---------------+----------------------------------+-----
Conjurations   | 2 3 4 5 7 9 |  9.0
Spellcasting   | 4 6 |  6.0
Fire Magic     | 4 5 6 8 12 | 12.0
Dodging        | 4 11 12 | 12.8
Shields        | 4 |  4.0
Fighting       | 5 |  5.3
Stealth        | |  2.4

Action                   |  1- 3 |  4- 6 |  7- 9 | 10-12 || total
-------------------------+-------+-------+-------+-------++-------
Melee: Mace              |       |    20 |       |       ||    20
       Battleaxe         |       |       |   158 |    34 ||   192
       Flail             |       |       |       |    14 ||    14
 Fire: Blowgun           |       |     9 |       |       ||     9
 Cast: Flame Tongue      |    70 |    84 |   182 |   274 ||   610
       Sticky Flame      |       |     1 |    30 |    39 ||    70
       Fireball          |       |       |     5 |    29 ||    34
       Conjure Flame     |       |       |       |    13 ||    13
       Iskenderun's Myst |       |       |       |     1 ||     1
Evoke: Wand              |       |       |       |     1 ||     1
  Use: Scroll            |       |    12 |     7 |    13 ||    32
       Potion            |       |       |     2 |     2 ||     4
 Stab: Sleeping          |       |       |     2 |     1 ||     3
  Eat: Chunk             |     1 |     5 |    22 |    25 ||    53
       Royal jelly       |       |     1 |       |       ||     1
       Bread ration      |       |       |       |     2 ||     2
Armor: Robe              |     2 |    14 |    93 |    19 ||   128
Dodge: Dodged            |    19 |    40 |   161 |   173 ||   393
Block: Buckler           |       |       |       |    14 ||    14
